 Dungeon Crawl Stone Soup version 0.24.0-37-gcf1ca852f1 (webtiles) character file.

Game seed: 16249528114587251559, levelgen mode: deterministic

76 Daemon1337 the Cudgeler (level 4, -1/45 HPs)
             Began as a Troll Chaos Knight on Nov 24, 2019.
             Was a Plaything of Xom.
             Slain by a wyvern (4 damage)
             ... on level 3 of the Dungeon.
             The game lasted 00:04:12 (1258 turns).

Daemon1337 the Cudgeler (Troll Chaos Knight)        Turns: 1258, Time: 00:04:13

Health: -1/45      AC:  8    Str: 21    XL:     4   Next: 12%
Magic:  12/12      EV:  5    Int:  8    God:    Xom [.....*]
Gold:   154        SH:  0    Dex:  9    Spells: 3/3 levels left

rFire    . . .     SeeInvis .   a - +0 mace (chaos)
rCold    . . .     Gourm    +   (no shield)
rNeg     . . .     Faith    .   b - +2 robe
rPois    .         Spirit   .   (helmet restricted)
rElec    .         Reflect  .   (no cloak)
rCorr    .         Harm     .   (gloves unavailable)
MR       .....                  (boots unavailable)
Stlth    +.........             (no amulet)
HPRegen  0.55/turn              l - ring of magical power
MPRegen  0.13/turn              (no ring)

@: lethally poisoned (-1 -> -1), petrifying, very slow
A: large, unfitting armour, claws 3, fast metabolism 3, gourmand, regeneration
1, shaggy fur 1, tough skin 3
a: Renounce Religion


You were on level 3 of the Dungeon.
You worshipped Xom.
You were Xom's teddy bear.
You were completely stuffed.

You visited 1 branch of the dungeon, and saw 3 of its levels.

You collected 154 gold pieces.

Inventory:

Hand Weapons
 a - a +0 mace of chaos (weapon)
Armour
 b - a +2 robe (worn)
Jewellery
 l - a ring of magical power (left claw)
Wands
 o - a wand of polymorph (10)
Scrolls
 f - a scroll of random uselessness
 m - a scroll of amnesia {unknown}
Potions
 d - 2 potions of curing {unknown}
 e - a potion of lignification {unknown}
 h - a potion of degeneration {unknown}
 i - a potion of agility {unknown}
 j - a potion of brilliance {unknown}
 k - 2 potions of resistance {unknown}
 n - a potion of haste {unknown}
Comestibles
 c - 3 rations
 g - 3 chunks of flesh


   Skills:
 + Level 3.0 Fighting
 + Level 3.8 Maces & Flails
 + Level 2.2 Dodging


You had 3 spell levels left.
You didn't know any spells.
Your spell library was empty.

Dungeon Overview and Level Annotations

Branches:
Dungeon (3/15)

Altars:


Innate Abilities, Weirdness & Mutations

You are too large for most types of armour.
You have claws for hands.
Your metabolism is lightning-fast.
You like to eat raw meat.
Your natural rate of healing is unusually fast.
You are covered in fur. (AC +1)
You have extremely tough skin. (AC +3)


Message History

The hobgoblin barely misses you. The adder closely misses you.
You closely miss the wyvern. The wyvern bites you! The adder bites you.
You are poisoned.
The adder poisons you!
The hobgoblin hits you but does no damage.
The wyvern bites you!
* * * LOW HITPOINT WARNING * * *
The adder bites you but does no damage.
The hobgoblin hits you but does no damage.
Unknown command.
Really walk into that cloud of calcifying dust?
Uppercase [Y]es or [N]o only, please.
Really walk into that cloud of calcifying dust?
You are engulfed in calcifying dust.
You are slowing down.
The wyvern bites you!
* * * LOW HITPOINT WARNING * * *
The wyvern bites you.
You die...
Xom roars with laughter!

...§.#.......#.#
..§†§#.......#.#
...§.†.........#
..§.§#§§§§§....#
.....######§#..#
.....# #§#..###
### .....#
#.§#§..###....
<....#
##.#>#.....#
######
#.#.#@#.##..#
#...#Sl..#
#.....g......
##.........^.
#...........
##..........
##.........
#.........
#.........


You could see a wyvern, an adder and a hobgoblin.

Vanquished Creatures
  An adder (D:2)
  2 oozes
  3 dart slugs
  2 worms
  2 leopard geckos
  A ball python (D:2)
  4 bats
  7 goblins
  6 hobgoblins
  2 jackals (D:1)
  3 frilled lizards
  3 kobolds (D:1)
  12 rats
48 creatures vanquished.

Notes
Turn   | Place    | Note
-------+----------+-------------------------------------------
     0 | D:1      | Daemon1337 the Troll Chaos Knight began the quest for the
                  | Orb.
     0 | D:1      | Reached XP level 1. HP: 22/22 MP: 0/0
    50 | D:1      | Reached XP level 2. HP: 29/29 MP: 1/1
   342 | D:1      | XOM: divination: detect creatures
   352 | D:1      | Reached XP level 3. HP: 36/36 MP: 2/2
   822 | D:2      | XOM: divination: magic mapping
   866 | D:2      | Found a faded altar of an unknown god.
  1162 | D:2      | XOM: harmless Tloc miscast
  1170 | D:2      | XOM: cloud trail
  1210 | D:2      | XOM: fog
  1225 | D:3      | Reached XP level 4. HP: 45/45 MP: 3/3
  1233 | D:3      | XOM: fog
  1250 | D:3      | Noticed a wyvern
  1258 | D:3      | Slain by a wyvern

Levels and vault maps discovered:
D:1:      minmay_arrival_four_houses, layout_loops_ring, serial_park_tiny_pond
D:2:      layout_loops_corners, chequers_ecumenical_altar_simple_redux
D:3:      layout_rooms

Skill      XL: |  1  2  3 |
---------------+----------+-----
Dodging        | 2 |  2.2
Maces & Flails | 3 |  3.8
Fighting       | 3 |  3.0

Action                   |  1- 3 |  4- 6 || total
-------------------------+-------+-------++-------
Melee: Mace              |   106 |    11 ||   117
  Use: Scroll            |     5 |       ||     5
  Eat: Chunk             |    17 |       ||    17
Armor: Robe              |    64 |     8 ||    72
Dodge: Dodged            |    77 |     5 ||    82
